 Dungeon Crawl Stone Soup version 0.18-a0-1157-g59db91b (webtiles) character file.

2070 Gorice the Carver (level 9, -1/74 HPs)
             Began as a Ghoul Wanderer on Jan 23, 2016.
             Slain by a sky beast (6 damage)
             ... on level 6 of the Dungeon.
             The game lasted 00:33:38 (7004 turns).

Gorice the Carver (Ghoul Wanderer)                  Turns: 7004, Time: 00:33:39

Health: -1/74      AC: 10    Str: 17    XL:     9   Next: 26%
Magic:  8/8        EV:  9    Int:  9    God:
Gold:   303        SH:  0    Dex:  8    Spells: 0 memorised, 8 levels left

rFire  . . .     SeeInvis .     a - +0 falchion (drain)
rCold  + . .     Gourm    .     g - +3 scale mail
rNeg   + + +     Faith    .     (no shield)
rPois  ∞         Spirit   .     (no helmet)
rElec  .         Dismiss  .     (no cloak)
rCorr  .         Reflect  .     (no gloves)
SustAt .         Harm     .     (no boots)
MR     .....                    (no amulet)
Stlth  ..........               (no ring)
                                (no ring)

@: rotting, hasted, very quick, not resistant to hostile enchantments, extremely
unstealthy
A: rotting body, claws 1, carnivore 3, cold resistance 1, negative energy
resistance 3, slow regeneration 1, torment resistance, unbreathing
a: no special abilities


You were on level 6 of the Dungeon.
You were not hungry.

You visited 1 branch of the dungeon, and saw 6 of its levels.
You also visited: Sewer.

You collected 303 gold pieces.

Inventory:

Hand Weapons
 a - a +0 falchion of draining (weapon)
   (You took it off an orc on level 4 of the Dungeon)
 b - a +0 hunting sling
 d - a +1 falchion
 e - a +0 dagger of electrocution
   (You took it off an orc priest on level 5 of the Dungeon)
 h - the +2 spear of Xooduf {flame, +Rage rElec rC-, unknown}
   (You found it on level 4 of the Dungeon)

   It has been specially enchanted to burn those struck by it, causing extra
   injury to most foes and up to half again as much damage against particularly
   susceptible opponents.
   It makes you vulnerable to cold.
   It insulates you from electricity.
   It lets you go berserk.
 B - a +3 blowgun
Missiles
 r - 16 sling bullets
 w - 21 poisoned needles
 z - 88 bolts
 G - 3 needles of confusion
 Y - a throwing net
 Z - 230 stones (quivered)
Armour
 g - a +3 scale mail (worn)
Jewellery
 m - an uncursed ring of ice
Wands
 c - a wand of random effects (6/48)
 k - a wand of magic darts (11/48)
 q - a wand of fire (0/15)
Scrolls
 l - a scroll of blinking {unknown}
 p - 2 scrolls of remove curse
 u - 4 scrolls of magic mapping {!r}
 E - a scroll of recharging {unknown}
Potions
 f - 9 potions of brilliance {!q}
 i - a potion of mutation {unknown}
 n - a potion of curing {unknown}
 o - 3 potions of might {!q}
 s - a potion of berserk rage {unknown}
 t - 2 potions of haste {!q}
 v - 3 potions of heal wounds {unknown}
 A - a potion of poison {unknown}
 F - a potion of agility {unknown}
 H - a potion of lignification {unknown}
Books
 y - a book of Minor Magic
Comestibles
 j - 2 slices of pizza
 x - 2 royal jellies
 C - 4 meat rations {!e}
 D - a chunk of flesh


   Skills:
 - Level 5.5 Fighting
 * Level 8.2 Long Blades
   Level 1.0 Axes
   Level 1.0 Bows
 + Level 6.7 Armour
 - Level 1.1 Stealth
 - Level 1.0 Evocations


You had 8 spell levels left.
You didn't know any spells.

Dungeon Overview and Level Annotations

Branches:
Dungeon (6/15)
 Temple: D:4-7

Altars:
Cheibriados
Elyvilon
Fedhas
Nemelex Xobeh
Pakellas
Ru
Trog
The Shining One

Annotations:
D:6 UX: shafted here, artifact arbalest, mottled dragon


Innate Abilities, Weirdness & Mutations

Your body is rotting away.
You thrive on raw meat.
You are immune to poison.
You have sharp fingernails.
You are carnivorous and can eat meat at any time.
Your flesh is cold resistant.
You are immune to negative energy.
You regenerate slowly when monsters are visible.
You are immune to unholy pain and torment.
You can survive without breathing.


Message History

The sticky flame hits you!
You are covered in liquid flames!
Damage: 6 (max 6)
You closely miss the mottled dragon.
The mottled dragon is heavily wounded.
You are covered in liquid flames!
You are covered in liquid flames!
The mottled dragon breathes sticky fire at you.
The sticky flame hits you!
You are covered in liquid flames!
Damage: 4 (max 6)
You hit the mottled dragon but do no damage.
The mottled dragon is heavily wounded.
You are covered in liquid flames!
The mottled dragon bites you.
The mottled dragon claws you but does no damage.
Damage: 8 (max 8)
You barely miss the mottled dragon.
The mottled dragon is heavily wounded.
You are covered in liquid flames!
Something hits you. Something shocks you.
* * * LOW HITPOINT WARNING * * *
Damage: 15 (max 15)
You hit the mottled dragon. You drain the mottled dragon!
The mottled dragon is severely wounded.
You are covered in liquid flames!
Something hits you.
* * * LOW HITPOINT WARNING * * *
Something shocks you.
* * * LOW HITPOINT WARNING * * *
The mottled dragon bites you.
* * * LOW HITPOINT WARNING * * *
The mottled dragon claws you but does no damage.
Damage: 12 (max 15) Unknown command.
Unknown command.
Unknown command.
Unknown command.
Unknown command.
Drink which item? (? for menu, Esc to quit)
Okay, then.
Unknown command.
Unknown command.
Unknown command.
Drink which item? (? for menu, Esc to quit)
Really quaff
t - 3 potions of haste {!q}?
You feel yourself speed up. Something hits you.
* * * LOW HITPOINT WARNING * * *
Something shocks you.
You die...

#...............# #...
#.....#
.##...##.....###### ####
.............##...###..#
......#......##..^.#....
........######....'....
##...##..........>#....
###...##.D...#######.###
.......@.....##...##.###
......##.....##.........
......##+######.........
.##. ...................
# #............^...
.##.....##......###
........###########
.##.....##.........
#.....##.........


You could see a mottled dragon.

Vanquished Creatures
  Grinder (D:4)
  The ghost of WhatIsLove the Ducker, an amateur DsGl (D:5)
  An ogre (D:5)
  A black bear (D:5)
  A phantom (D:5)
  A centaur (D:5)
  4 big kobolds (Sewer)
  2 giant frogs
  A scorpion (D:6)
  A crimson imp (D:5)
  A giant frog zombie (D:5)
  A centaur skeleton (D:3)
  4 hounds
  An orc priest (D:5)
  A giant frog skeleton (D:5)
  3 orc wizards
  2 worker ants (D:5)
  A hound zombie (D:6)
  A hound skeleton (D:3)
  17 gnolls
  3 river rats (Sewer)
  11 adders
  7 oozes (Sewer)
  An adder skeleton (D:6)
  9 worms
  2 giant geckos (D:4)
  13 orcs
  5 bats (D:2)
  6 giant cockroaches
  15 goblins
  13 hobgoblins
  8 jackals
  19 kobolds
  5 quokkas
  6 ball pythons
  2 ball python skeletons
  2 giant newts
  9 rats
182 creatures vanquished.

Vanquished Creatures (collateral kills)
  An orc wizard (D:6)
  An orc (D:6)
2 creatures vanquished.

Grand Total: 184 creatures vanquished

Notes
Turn   | Place    | Note
--------------------------------------------------------------
     0 | D:1      | Gorice the Ghoul Wanderer began the quest for the Orb.
     0 | D:1      | Gorice set off with: a +2 scale mail, a +0 mace, a wand of random effects (15/48), a meat ration {!e}
     0 | D:1      | Reached XP level 1. HP: 22/22 MP: 0/0
   203 | D:1      | Reached skill level 2 in Armour
   236 | D:1      | Reached XP level 2. HP: 25/28 MP: 1/1
   365 | D:1      | Found a sparkling altar of Nemelex Xobeh.
  1117 | D:2      | Reached XP level 3. HP: 26/35 MP: 2/2
  1177 | D:2      | Reached skill level 5 in Fighting
  1364 | D:2      | Reached skill level 3 in Armour
  1364 | D:2      | Reached XP level 4. HP: 42/42 MP: 3/3
  1736 | D:2      | Reached XP level 5. HP: 43/48 MP: 4/4
  2046 | D:3      | Reached skill level 1 in Long Blades
  2116 | D:3      | Found a white marble altar of Elyvilon.
  2154 | D:3      | You fall through a shaft for 3 floors!
  2154 | D:6      | Noticed a mottled dragon
  2163 | D:5      | Entered Level 5 of the Dungeon
  2176 | D:5      | Reached skill level 4 in Armour
  2231 | D:5      | Reached skill level 2 in Long Blades
  2231 | D:5      | Reached XP level 6. HP: 49/55 MP: 5/5
  2269 | D:5      | Found a glowing drain.
  2303 | Sewer    | Entered a sewer
  2433 | Sewer    | Reached skill level 3 in Long Blades
  2624 | Sewer    | Reached XP level 7. HP: 60/60 MP: 6/6
  2737 | Sewer    | Reached skill level 4 in Long Blades
  3163 | D:5      | Reached skill level 5 in Armour
  3368 | D:5      | Reached skill level 5 in Long Blades
  3460 | D:5      | Reached XP level 8. HP: 63/69 MP: 7/7
  3567 | D:5      | Noticed WhatIsLove's ghost (amateur DsGl)
  3586 | D:5      | Killed WhatIsLove's ghost
  3586 | D:5      | Reached skill level 6 in Long Blades
  3627 | D:5      | HP: 13/68 [orc priest/dagger of electrocution (12)]
  4518 | D:6      | Reached skill level 6 in Armour
  4539 | D:5      | HP: 20/69 [centaur (1)]
  4756 | D:4      | Reached skill level 7 in Long Blades
  4901 | D:4      | Noticed Grinder
  4906 | D:4      | Paralysed by Grinder for 3 turns
  4932 | D:4      | Killed Grinder
  4932 | D:4      | Reached XP level 9. HP: 74/74 MP: 8/8
  5100 | D:4      | Got a dazzling spear
  5647 | D:4      | Found a sacrificial altar of Ru.
  5650 | D:4      | Found a blossoming altar of Fedhas.
  5665 | D:4      | Found a bloodstained altar of Trog.
  5674 | D:4      | Found an oddly glowing altar of Pakellas.
  6080 | D:3      | Found a snail-covered altar of Cheibriados.
  6149 | D:3      | Found a glowing golden altar of the Shining One.
  6358 | D:3      | Reached skill level 8 in Long Blades
  7001 | D:6      | HP: 20/74 [something (6)]
  7002 | D:6      | HP: 8/74 [mottled dragon (6)]
  7004 | D:6      | Slain by a sky beast

Vault maps used:
D:1:      dpeg_arrival_lava_temple_mockup, nemelex_diamond_rough_becter
D:3:      cheibriados_altar_1, lemuel_crystal_altar, elyvilon_altar_1,
          serial_undead, serial_undead_d, serial_undead_b, serial_undead_b,
          serial_undead_c, grunt_ministairs_2, kennysheep_generic_room_2
D:4:      corexii_shantytown, grunt_temple_overflow_cloverleaf, uniq_grinder
D:5:      black_bear_nest_2, first_bread, gup_sewer_entry_glass
D:6:      kennysheep_dice
Sewer:    sewer_co_tree

Action                   |  1- 3 |  4- 6 |  7- 9 || total
-------------------------+-------+-------+-------++-------
Melee: Mace              |    57 |       |       ||    57
       Falchion          |    46 |   236 |   529 ||   811
 Fire: Hunting sling     |       |     5 |    12 ||    17
       Blowgun           |       |       |    29 ||    29
Throw: Stone             |       |    20 |     9 ||    29
Evoke: Wand              |       |     1 |     9 ||    10
  Use: Scroll            |     4 |     2 |     3 ||     9
       Potion            |       |       |     1 ||     1
  Eat: Chunk             |    11 |    23 |    44 ||    78

Table legend:
 A = Turns spent in this place as a percentage of turns spent in the entire game.
 B = Non-inter-level travel turns spent in this place as a percentage of non-inter-level travel turns spent in the entire game.
 C = Inter-level travel turns spent in this place as a percentage of turns spent in this place.
 D = Turns resting spent in this place as a percentage of non-inter-level travel turns spent in this place.
 E = Turns spent auto-exploring this place as a percentage of non-inter-level travel turns spent in this place.
 F = Non-inter-level travel turns spent in this place divided by the number of levels of this place that you've seen.
                   A       B       C       D       E      F
               +-------+-------+-------+-------+-------+----------------------
         Total | 100.0 | 100.0 |   0.3 |   0.4 |   5.3 | 413.4
       Dungeon |  79.5 |  79.5 |   0.4 |   0.3 |   6.3 | 383.3
         Sewer |  20.5 |  20.5 |   0.0 |   0.7 |   1.5 | 594.0
               +-------+-------+-------+-------+-------+----------------------

Vault maps used:
D:1:      dpeg_arrival_lava_temple_mockup, nemelex_diamond_rough_becter
D:3:      cheibriados_altar_1, lemuel_crystal_altar, elyvilon_altar_1,
          serial_undead, serial_undead_d, serial_undead_b, serial_undead_b,
          serial_undead_c, grunt_ministairs_2, kennysheep_generic_room_2
D:4:      corexii_shantytown, grunt_temple_overflow_cloverleaf, uniq_grinder
D:5:      black_bear_nest_2, first_bread, gup_sewer_entry_glass
D:6:      kennysheep_dice
Sewer:    sewer_co_tree
